 Dungeon Crawl Stone Soup version 0.20.1-1-g8b1a95d (webtiles) character file.

133 PhyxPenguin the Ducker (level 4, 0/44 HPs)
             Began as a Troll Fighter on Dec 9, 2017.
             Slain by a gnoll
             ... wielding a +0 spear
              (7 damage)
             ... on level 3 of the Dungeon.
             The game lasted 00:16:08 (1629 turns).

PhyxPenguin the Ducker (Troll Fighter)              Turns: 1629, Time: 00:16:08

Health: 0/44       AC:  4    Str: 27    XL:     4   Next: 94%
Magic:  3/3        EV:  8    Int:  4    God:
Gold:   116        SH:  9    Dex:  9    Spells: 2/3 levels left

rFire    . . .     SeeInvis .     - Unarmed
rCold    . . .     Gourm    +   b - +0 shield
rNeg     . . .     Faith    .   a - +0 robe
rPois    .         Spirit   .   (helmet restricted)
rElec    .         Reflect  .   (no cloak)
rCorr    .         Harm     .   (gloves unavailable)
MR       .....                  (boots unavailable)
Stlth    +.........             (no amulet)
Regen    0.6/turn               (no ring)
MPRegen  0.1/turn               (no ring)

@: very slightly contaminated
A: unfitting armour, claws 3, talons 1, deformed body, fast metabolism 3,
gourmand, regeneration 1, shaggy fur 1, strong 1, tough skin 2, wild magic 1
a: no special abilities


You were on level 3 of the Dungeon.
You were not hungry.

You visited 1 branch of the dungeon, and saw 3 of its levels.

You collected 116 gold pieces.

Inventory:

Armour
 a - a +0 robe (worn)
 b - a +0 shield (worn)
 s - a +0 ring mail
Scrolls
 e - a scroll of remove curse {unknown}
 j - a scroll of fear {unknown}
 l - 2 scrolls of amnesia {unknown}
 q - a scroll of enchant armour {unknown}
 r - a scroll of teleportation {unknown}
Potions
 c - a potion of might
 f - 2 potions of brilliance {unknown}
 i - a potion of curing {unknown}
 m - 2 potions of haste {unknown}
 p - a potion of resistance
Books
 o - Sif Muna's Reference Book on Changing
   (You found it on level 2 of the Dungeon)

   Spells                             Type                      Level
   a - Beastly Appendage              Transmutation                1
Comestibles
 d - 2 bread rations
 g - 2 meat rations
 k - 2 chunks of flesh


   Skills:
 + Level 2.8 Fighting
 + Level 3.3 Dodging
 + Level 0.3 Stealth
 + Level 2.9 Shields
 + Level 3.2 Unarmed Combat


You had 2 spell levels left.
You knew the following spells:

 Your Spells              Type           Power        Failure   Level  Hunger
a - Beastly Appendage     Tmut           #.....       95%         1    ##.....


Dungeon Overview and Level Annotations

Branches:
Dungeon (3/15)

Altars:
Gozag
Hepliaklqana
Kikubaaqudgha
Sif Muna
Vehumet


Innate Abilities, Weirdness & Mutations

You are too large for most types of armour.
You have claws for hands.
Your metabolism is lightning-fast.
You like to eat raw meat.
Your natural rate of healing is unusually fast.
You are covered in fur. (AC +1)
You have very tough skin. (AC +2)
You have sharp toenails.
Armour fits poorly on your strangely shaped body.
Your muscles are strong. (Str +2)
Your spells are a little harder to cast, but a little more powerful.


Message History

Your body twists and deforms.
You feel stronger.
You feel less in control of your magic.
Your toenails lengthen and sharpen.
You block the goblin's attack.
The gnoll hits you from afar with a spear.
* * * LOW HITPOINT WARNING * * *
It was a potion of invisibility.
You fade into invisibility!
You block the goblin's attack. The gnoll closely misses you.
You are very lightly contaminated with residual magic.
The goblin hits you with a dagger.
* * * LOW HITPOINT WARNING * * *
You flicker for a moment.
Found 4 tomahawks.
Found a rapier.
You claw the goblin!
You kill the goblin!
The gnoll barely misses you.
You flicker back into view.
The gnoll hits you with a spear!
You die...

.##.....†..#.........# .#
..##.......#.........# .#
#................)...# ##.#
####......####..#.########..#
#......# ##............#
###.##.# ###........).#
...##.# #........)## ######.#
####l.######....... #.#
#.@gg.# ....... #.......###.#
...<... .).###### #..#
.?..... #...# ....... #...#
....... ..... ....... .#.#.#
(#.#


You could see a gnoll, a goblin and a frilled lizard.

Vanquished Creatures
  The ghost of broninjaking the Charmwright, a weakling DsSk of Fedhas (D:3)
  3 gnolls (D:3)
  4 adders
  A worm (D:3)
  2 dart slugs
  2 giant cockroaches (D:2)
  6 goblins
  6 hobgoblins
  5 jackals (D:2)
  A quokka (D:2)
  3 bats
  3 frilled lizards
  7 kobolds
  5 rats
49 creatures vanquished.

Notes
Turn   | Place    | Note
-------+----------+-------------------------------------------
     0 | D:1      | PhyxPenguin the Troll Fighter began the quest for the Orb.
     0 | D:1      | Reached XP level 1. HP: 22/22 MP: 0/0
   163 | D:1      | Reached XP level 2. HP: 29/29 MP: 1/1
   603 | D:2      | Reached XP level 3. HP: 19/36 MP: 2/2
   664 | D:2      | Found a hazy altar of Hepliaklqana.
   970 | D:2      | Found an ancient bone altar of Kikubaaqudgha.
   970 | D:2      | Found a deep blue altar of Sif Muna.
  1291 | D:2      | Found a radiant altar of Vehumet.
  1297 | D:2      | Identified Sif Muna's Reference Book on Changing
  1332 | D:2      | Learned a level 1 spell: Beastly Appendage
  1349 | D:2      | Reached XP level 4. HP: 32/44 MP: 1/3
  1450 | D:3      | Noticed broninjaking's ghost (weakling DsSk)
  1470 | D:3      | Killed broninjaking's ghost
  1525 | D:3      | Found an opulent altar of Gozag.
  1615 | D:3      | Gained mutation: Armour fits poorly on your strangely shaped body. [potion of mutation]
  1615 | D:3      | Gained mutation: Your muscles are strong. (Str +2) [potion of mutation]
  1615 | D:3      | Gained mutation: Your spells are a little harder to cast, but a little more powerful. [potion of mutation]
  1615 | D:3      | Gained mutation: You have sharp toenails. [potion of mutation]
  1615 | D:3      | HP: 1/44 [gnoll/spear (2)]
  1629 | D:3      | Slain by a gnoll

Skill      XL: |  1  2  3  4 |
---------------+-------------+-----
Dodging        | 3 |  3.3
Unarmed Combat | 3 |  3.2
Fighting       | |  2.8
Stealth        | |  0.3
Shields        | |  2.9

Action                   |  1- 3 |  4- 6 || total
-------------------------+-------+-------++-------
Melee: Unarmed           |    99 |    54 ||   153
  Use: Potion            |       |     2 ||     2
 Stab: Sleeping          |     1 |       ||     1
  Eat: Bread ration      |     1 |       ||     1
       Chunk             |     6 |     3 ||     9
Armor: Robe              |    35 |    20 ||    55
Dodge: Dodged            |    33 |    25 ||    58
Block: Shield            |    51 |    35 ||    86
